 Dungeon Crawl Stone Soup version 0.29.1-2-gbd0b4ee654 (webtiles) character file.

Game seed: 7854521137555891697

37 qeuew the Trooper (level 3, 0/29 HPs)
             Began as a Demonspawn Abyssal Knight on Nov 5, 2022.
             Was a Priest of Lugonu.
             Slain by a white imp (5 damage)
             ... summoned by Natasha
             ... on level 2 of the Dungeon.
             The game lasted 00:01:56 (730 turns).

qeuew the Trooper (Demonspawn Abyssal Knight)        Turns: 730, Time: 00:01:58

Health: 0/29       AC:  6    Str: 15    XL:     3   Next: 23%
Magic:  5/5        EV: 11    Int: 11    God:    Lugonu [***...]
Gold:   102        SH:  0    Dex: 13    Spells: 2/2 levels left

rFire   . . .      SeeInvis .   a - +1 hand axe
rCold   . . .      Faith    .   (no shield)
rNeg    . . .      Spirit   .   b - +1 leather armour
rPois   .          Reflect  .   (no helmet)
rElec   .          Harm     .   (no cloak)
rCorr   .          Rampage  .   (no gloves)
Will    .....                   (no boots)
Stlth   +.........              (no amulet)
HPRegen 0.09/turn               (no ring)
MPRegen 0.09/turn               (no ring)

@: no status effects
A: molten scales 1, powered by death 1
a: Renounce Religion, Depart the Abyss, Bend Space, Banish


You were on level 2 of the Dungeon.
You worshipped Lugonu.
Lugonu was most pleased with you.
You visited 1 branch of the dungeon, and saw 2 of its levels.
You visited the Abyss 1 time.

You collected 102 gold pieces.

Inventory:

Hand Weapons
 a - a +1 hand axe (weapon)
Armour
 b - a +1 leather armour (worn)
Scrolls
 c - a scroll of immolation {unknown}
 e - a scroll of enchant armour
Potions
 d - a potion of might
 f - a potion of brilliance {unknown}
 g - a potion of haste {unknown}


   Skills:
 + Level 3.3 Fighting
 * Level 2.3 Axes
 * Level 2.2 Armour
 * Level 1.1 Dodging
 * Level 2.8 Invocations


You had 2 spell levels left.
You didn't know any spells.
Your spell library was empty.

Dungeon Overview and Level Annotations

Branches:
Dungeon (2/15)

Altars:

Annotations:
D:2 Natasha


Innate Abilities, Weirdness & Mutations

You are partially covered in molten scales. (AC +2)
You regenerate a little health from kills.


Message History

No target in view!
f - a ruby potion;
g - a lumpy clear potion
Things that are here:
a +0 dagger; a goblin corpse
Found a stone staircase leading down.
No target in view!
There is a stone staircase leading down here.
Natasha, Servant of Life and Death comes into view.
She is carrying a wand of polymorph (7).
Natasha hisses angrily.
Natasha is nearby!
Natasha mumbles some strange words.
Natasha is nearby!
Natasha casts a spell at you. The magic dart hits you.
You hit Natasha.
Natasha is heavily wounded.
You hit the white imp.
Natasha mumbles some strange words.
The white imp closely misses you.
You hit Natasha.
Natasha is severely wounded.
You closely miss the white imp.
Natasha zaps a wand.
You resist with significant effort. The white imp gestures at you.
The puff of frost hits you!
You closely miss Natasha.
Natasha is severely wounded.
You closely miss the white imp.
Natasha stares at you and mumbles some strange words.
The magic dart hits you. The white imp gestures at you.
The puff of frost hits you.
* * * LOW HITPOINT WARNING * * *
You hit Natasha.
Natasha is almost dead.
You closely miss the white imp. Natasha closely misses you.
The white imp hits you.
* * * LOW HITPOINT WARNING * * *
The white imp freezes you.
You die...

####...............####
# ###...#######.#.# #
#.#.# #.#.# # #.#.#
#.#.# . ..#.# #.#.# #
###.# #.#.# #.#.# #.#.#
#@# ......5h# ######.5#
#..# #..# #..# #..#
...#


You could see an iron imp (summoned), Natasha and a white imp (summoned).

Vanquished Creatures
  3 orcs (D:2)
  3 ball pythons (D:1)
  An endoplasm (D:1)
  3 giant cockroaches (D:1)
  3 goblins (D:2)
  2 hobgoblins (D:1)
  5 jackals (D:1)
  2 quokkas (D:1)
  2 bats (D:1)
  4 kobolds
  A rat (D:1)
29 creatures vanquished.

Notes
Turn   | Place    | Note
-------+----------+-------------------------------------------
     0 | Abyss:1  | qeuew the Demonspawn Abyssal Knight began the quest for the
                  | Orb.
     0 | Abyss:1  | Reached XP level 1. HP: 18/18 MP: 2/2
     1 | D:1      | Escaped the Abyss
   137 | D:1      | Gained mutation: You regenerate a little health from kills.
                  | [demonic ancestry]
   137 | D:1      | Reached XP level 2. HP: 24/24 MP: 3/3
   192 | D:1      | Reached skill level 1 in Dodging
   269 | D:1      | Reached *** piety under Lugonu
   539 | D:2      | Gained mutation: You are partially covered in molten
                  | scales. (AC +2) [demonic ancestry]
   539 | D:2      | Reached XP level 3. HP: 21/29 MP: 5/5
   723 | D:2      | Noticed Natasha
   730 | D:2      | Slain by a white imp

Illustrated notes

Levels and vault maps discovered:
D:1:      dpeg_arrival_water_temple_mockup, layout_rooms
D:2:      layout_loops_ring, hellmonk_ecumenical_altar_arch_garden, uniq_natasha

Skill      XL: |  1  2 |
---------------+-------+-----
Axes           | 2 |  2.3
Dodging        | 1 |  1.1
Armour         | 2 |  2.2
Fighting       | |  3.3
Invocations    | |  2.8

Action                   || total
-------------------------++-------
Melee: Hand axe          ||    83
       Punch             ||     1
  Use: Scroll            ||     3
 Stab: Sleeping          ||     1
Armor: Leather armour    ||    29
Dodge: Dodged            ||    81
